 Dungeon Crawl Stone Soup version 0.26.1-11-gd32895ea62 (webtiles) character file.

Game seed: 17444805144212109977

453 MajorAdolf the Magician (level 7, -3/55 HPs)
             Began as a Naga Wanderer on July 21, 2021.
             Slain by an ogre
             ... wielding a +0 giant club
              (16 damage)
             ... on level 4 of the Dungeon.
             The game lasted 00:12:18 (5566 turns).

MajorAdolf the Magician (Naga Wanderer)             Turns: 5566, Time: 00:12:19

Health: -3/55      AC:  3    Str: 13    XL:     7   Next: 5%
Magic:  5/14       EV:  9    Int: 15    God:
Gold:   76         SH:  0    Dex: 11    Spells: 11/15 levels left

rFire    . . .     SeeInvis +   s - +1 spear
rCold    . . .     Faith    .   (no shield)
rNeg     . . .     Spirit   .   d - +0 robe
rPois    +         Reflect  .   (no helmet)
rElec    .         Harm     .   (no cloak)
rCorr    .         Rampage  .   (no gloves)
Will     .....                  (no barding)
Stlth    +++.......             (no amulet)
HPRegen  0.18/turn              m - ring of stealth
MPRegen  0.14/turn              (no ring)

@: short of breath, frozen ramparts, very slow
A: large, see invisible, deformed body, poison resistance, slowness 2, spit
poison 1, AC +2
a: Spit Poison


You were on level 4 of the Dungeon.
You visited 1 branch of the dungeon, and saw 4 of its levels.

You collected 76 gold pieces.

Inventory:

Hand Weapons
 s - a +1 spear (weapon)
Missiles
 i - 34 poisoned darts
Armour
 d - a +0 robe (worn)
 e - a +0 kite shield
Jewellery
 m - a ring of stealth (left hand)
Scrolls
 a - 3 scrolls of identify
 h - 2 scrolls of enchant armour
 k - 2 scrolls of amnesia
 l - a scroll of fog
 r - 3 scrolls of remove curse
Potions
 b - 2 potions of invisibility {unknown}
 c - 3 potions of curing
 f - a potion of ambrosia {unknown}
 j - 2 potions of heal wounds {unknown}
 o - 3 potions of flight {unknown}
 t - a potion of magic {unknown}
 v - a potion of cancellation {unknown}


   Skills:
 - Level 3.0 Polearms
 - Level 1.0 Dodging
 - Level 1.5 Stealth
 + Level 3.4 Shields
 + Level 4.7 Spellcasting
 + Level 3.8 Ice Magic
 - Level 1.0 Evocations


You had 11 spell levels left.
You knew the following spells:

 Your Spells              Type           Power        Failure   Level
a - Freeze                Ice            60%          3%          1
b - Frozen Ramparts       Ice            30%          11%         3

Your spell library contained the following spells:

 Spells                   Type           Power        Failure   Level


Dungeon Overview and Level Annotations

Branches:
Dungeon (4/15)
 Temple: D:4-7

Altars:
Makhleb
Trog
Vehumet

Annotations:
D:3 exclusion: ice beast


Innate Abilities, Weirdness & Mutations

You cannot wear boots.
Your serpentine skin is tough. (AC +2)
You have supernaturally acute eyesight. (SInv)
Armour fits poorly on your strangely shaped body.
Your system is resistant to poisons. (rPois)
You cover ground very slowly.
You can spit poison.


Message History

Aim: an ogre, wielding a +0 giant club You freeze the ogre.
The ogre is lightly wounded.
The wall freezes the ogre.
The ogre barely misses you.
Press: ? - help, Shift-Dir - straight line, f/p - ogre
Aim: an ogre, wielding a +0 giant club (moderately wounded)
The splash of poison hits the ogre!
The ogre is heavily wounded.
The wall freezes the ogre.
The ogre hits you with a +0 giant club!
* * * LOW HITPOINT WARNING * * *
Unknown command.
Casting: Freeze (safe; 3% risk of failure)
Confirm with . or Enter, or press ? or * to list all spells.
Aiming: Freeze (safe; 3% risk of failure)
Press: ? - help, Shift-Dir - straight line, f/p - ogre
Aim: an ogre, wielding a +0 giant club (severely wounded)
You freeze the ogre.
The ogre is almost dead.
The wall freezes the ogre.
The ogre hits you with a +0 giant club!
You die...

####### #######.....#
#.....#.....#
#.....#.....#
#.....#.....# o.....
#.....#.....# #.....
#.....#.....# ##.....
#.....O@....# .......
#.....#.....# .. .....
#.....#.....# ... ...
#.....#.....####'######'
#.....#.................
#.....#.................
#.....#.................
#.....#.................
#.....# ...........


You could see an ogre.

Vanquished Creatures
  An ogre (D:4)
  3 orc priests (D:3)
  2 orc wizards
  2 worker ants (D:4)
  9 adders
  An ooze (D:1)
  3 worms
  A dart slug (D:1)
  3 leopard geckos
  12 orcs
  6 giant cockroaches
  6 goblins
  11 hobgoblins
  2 jackals (D:2)
  A quokka (D:2)
  A ball python (D:4)
  3 bats
  5 frilled lizards
  4 kobolds
  6 rats
82 creatures vanquished.

Notes
Turn   | Place    | Note
-------+----------+-------------------------------------------
     0 | D:1      | MajorAdolf the Naga Wanderer began the quest for the Orb.
     0 | D:1      | MajorAdolf set off with the following items: a +0 club, a
                  | potion of curing, a +0 robe, a +0 kite shield; and the
                  | following spell memorised: Freeze; and the following spells
                  | available to memorise: Frozen Ramparts
     0 | D:1      | Reached XP level 1. HP: 15/15 MP: 4/4
   120 | D:1      | Reached XP level 2. HP: 15/22 MP: 0/6
   533 | D:1      | Reached skill level 1 in Ice Magic
  1222 | D:1      | Reached XP level 3. HP: 28/28 MP: 5/7
  1892 | D:1      | Reached XP level 4. HP: 26/36 MP: 3/9
  2310 | D:2      | Learned a level 3 spell: Frozen Ramparts
  2883 | D:2      | Reached XP level 5. HP: 27/42 MP: 8/10
  3237 | D:2      | Found a bloodstained altar of Trog.
  3311 | D:2      | Reached skill level 4 in Spellcasting
  4004 | D:3      | Found a radiant altar of Vehumet.
  4075 | D:3      | Reached XP level 6. HP: 29/49 MP: 3/12
  4740 | D:3      | Noticed an ice beast
  5496 | D:4      | Reached XP level 7. HP: 21/55 MP: 0/14
  5518 | D:4      | Found a burning altar of Makhleb.
  5566 | D:4      | Slain by an ogre

Illustrated notes

Levels and vault maps discovered:
D:1:      sevenhm_arrival_forest_fort_small_4, layout_loops_ring
D:2:      layout_rooms, trog_three_pillars_becter
D:3:      layout_loops_ring, vehumet_crystals
D:4:      layout_gridville, makhleb_heckhound_becter, uniq_eustachio

Skill      XL: |  1  2  3  4  5  6 |
---------------+-------------------+-----
Ice Magic      | 1 2 3 |  3.8
Shields        | 2 3 |  3.4
Spellcasting   | 4 |  4.7
Polearms       | |  3.0
Dodging        | |  1.0
Stealth        | |  1.5
Evocations     | |  1.0

Action                   |  1- 3 |  4- 6 |  7- 9 || total
-------------------------+-------+-------+-------++-------
Melee: Dagger            |    14 |    12 |       ||    26
       Unarmed           |     1 |       |       ||     1
       Spear             |       |    10 |       ||    10
 Cast: Freeze            |    66 |   110 |     2 ||   178
       Frozen Ramparts   |       |     2 |     1 ||     3
 Abil: Spit Poison       |     2 |    19 |     1 ||    22
  Use: Scroll            |       |     4 |     6 ||    10
 Stab: Sleeping          |       |     1 |       ||     1
Armor: Robe              |    12 |    16 |     3 ||    31
Dodge: Dodged            |    38 |    57 |     4 ||    99
